AoeStats
← RIO1000

Arena

508049078Analyzed
4v4 RM · 13d ago on Sep 20, 2026· 43m 58s· 8 players
Game mode
Random Map
Map size
Large (8 player)
Population
200
Speed
Normal
Resources
Standard
Victory
Conquest
Starting age
Dark Age
Ending age
Imperial Age
RankedLock teamsTeams togetherTeam positionsShared explorationLock speedFull tech treeHidden civsTurbo modeCheats
Victory
Defeat
🇩🇪 Portuguese · Germany
1001
+15
🇪🇸 Spanish · Spain
982
+16
🇲🇽 Poles · Mexico
947
+17
🇮🇹 Turks · Italy
931
+18
🇺🇸 Gurjaras · United States
1045
-20
🇨🇳 Franks · China
1007
-18
🇺🇾 Mongols · Uruguay
921
-14
🇺🇾 Persians · Uruguay
916
-14
RIO1000
10:26 Feudal Age
10:56 Double-Bit Axe
11:13 Horse Collar
16:40 Castle Age
14:28 Loom
17:11 Stone Mining
17:37 Bow Saw
18:14 Wheelbarrow
20:04 Heavy Plow
20:53 Stone Shaft Mining
22:11 Gold Mining
23:11 Hand Cart
23:14 Town Watch
27:18 Szlachta Privileges
27:34 Scale Barding Armor
28:20 Bloodlines
28:10 Husbandry
29:58 Chain Barding Armor
30:45 Forging
33:20 Imperial Age
33:24 Cavalier
38:18 Iron Casting
44:38 Blast Furnace
Guty
0:29 Loom
10:55 Feudal Age
14:13 Gold Mining
17:55 Castle Age
15:57 Double-Bit Axe
16:40 Horse Collar
17:43 Wheelbarrow
20:34 Stone Mining
29:00 Imperial Age
28:41 Hand Cart
29:15 Ballistics
29:05 Scale Barding Armor
30:49 Chemistry
29:49 Town Watch
30:54 Stone Shaft Mining
30:56 Bow Saw
31:25 Masonry
30:43 Pikeman
31:44 Heavy Plow
33:03 Conscription
32:08 Cavalier
33:55 Forging
35:37 Paladin
37:17 Iron Casting
37:52 Chain Barding Armor
37:39 Husbandry
37:49 Bloodlines
38:16 Squires
38:03 Arson
39:21 Plate Barding Armor
38:47 Scale Mail Armor
39:50 Blast Furnace
39:16 Elite Conquistador
42:01 Fletching
42:13 Padded Archer Armor
Krake
11:51 Feudal Age
12:22 Double-Bit Axe
12:30 Loom
17:06 Castle Age
24:27 Fletching
25:04 Horse Collar
27:07 Bow Saw
28:06 Wheelbarrow
30:11 Hand Cart
29:42 Town Watch
31:00 Heavy Plow
31:24 Bodkin Arrow
31:29 Padded Archer Armor
33:11 Ballistics
36:28 Imperial Age
34:25 Gold Mining
34:25 Stone Mining
35:30 Circumnavigation
37:16 Stone Shaft Mining
36:56 Caravan
37:27 Coinage
39:01 Chemistry
38:06 Bracer
38:21 Leather Archer Armor
39:46 Crop Rotation
40:26 Two-Man Saw
40:53 Conscription
40:36 Elite Organ Gun
41:58 Banking
41:38 Guilds
Porfido
12:02 Feudal Age
15:54 Castle Age
20:10 Imperial Age
24:32 Padded Archer Armor
27:25 Wheelbarrow
27:37 Leather Archer Armor
29:52 Gold Mining
30:31 Horse Collar
33:05 Ring Archer Armor
BLOO
10:55 Feudal Age
9:12 Loom
11:34 Double-Bit Axe
12:30 Horse Collar
17:25 Castle Age
15:16 Loom
17:13 Gold Mining
18:51 Bow Saw
23:12 Forging
29:36 Bloodlines
28:47 Light Cavalry
Q13
0:26 Loom
9:05 Feudal Age
14:23 Castle Age
13:03 Double-Bit Axe
13:29 Horse Collar
13:43 Gold Mining
22:55 Husbandry
24:48 Bloodlines
27:12 Wheelbarrow
28:29 Scale Barding Armor
28:35 Forging
28:09 Horse Collar
35:28 Imperial Age
33:28 Hand Cart
33:50 Heavy Plow
35:19 Cavalier
36:54 Conscription
37:48 Savar
39:28 Iron Casting
39:13 Chain Barding Armor
林北大帝
11:15 Feudal Age
16:23 Castle Age
14:40 Double-Bit Axe
15:11 Loom
21:42 Wheelbarrow
20:54 Town Watch
21:47 Stone Mining
23:57 Gold Mining
31:07 Imperial Age
30:16 Husbandry
30:27 Fletching
30:43 Scale Barding Armor
30:56 Hand Cart
30:43 Town Patrol
31:52 Forging
32:15 Bow Saw
31:49 Cavalier
32:50 Chivalry
33:11 Conscription
33:37 Murder Holes
33:29 Arrowslits
34:07 Ballistics
36:31 Chain Barding Armor
36:48 Iron Casting
36:09 Bodkin Arrow
37:17 Chemistry
36:23 Siege Engineers
38:56 Plate Barding Armor
39:17 Gold Shaft Mining
39:45 Blast Furnace
38:58 Fortified Wall
38:59 Masonry
38:55 Siege Engineers
39:09 Paladin
el_sego
2:34 Loom
8:41 Loom
10:34 Feudal Age
17:28 Castle Age
16:16 Double-Bit Axe
16:23 Horse Collar
17:54 Gold Mining
19:01 Bloodlines
21:09 Bow Saw
21:44 Husbandry
22:38 Heavy Plow
23:35 Stone Mining
26:38 Wheelbarrow
26:47 Gold Shaft Mining
29:50 Forging
29:40 Scale Mail Armor
29:47 Scale Barding Armor
30:46 Stone Shaft Mining
32:03 Iron Casting
32:46 Chain Barding Armor
38:20 Imperial Age
Connection lost

Rejoining the realm…

Still unreachable

The connection could not be restored.

Session expired

The server has moved on; the page needs a fresh start.